 Dungeon Crawl Stone Soup version 0.27-a0-1196-g3e9cee4cb2 (webtiles) character file.

Game seed: 7337173979539643686

225 Gargoyl the Skirmisher (level 6, -17/53 HPs)
             Began as a Gnoll Abyssal Knight on May 29, 2021.
             Was a Believer of Lugonu.
             Demolished by an ogre
             ... wielding a +0 giant club
              (20 damage)
             ... on level 3 of the Dungeon.
             The game lasted 00:03:33 (3270 turns).

Gargoyl the Skirmisher (Gnoll Abyssal Knight)       Turns: 3270, Time: 00:03:33

Health: -17/53     AC: 13    Str: 14    XL:     6   Next: 1%
Magic:  9/9        EV:  7    Int: 11    God:    Lugonu [**....]
Gold:   104        SH:  0    Dex: 13    Spells: 8/8 levels left

rFire    . . .     SeeInvis .   a - +1 hand axe
rCold    . . .     Faith    .   (no shield)
rNeg     . . .     Spirit   .   e - +0 chain mail
rPois    .         Reflect  .   h - +2 hat
rElec    .         Harm     .   c - +0 cloak
rCorr    .         Rampage  .   (no gloves)
Will     .....                  (no boots)
Stlth    ..........             (no amulet)
HPRegen  0.17/turn              (no ring)
MPRegen  0.11/turn              (no ring)

@: no status effects
A: fangs 1, strong nose, distributed training, hooves 1, thin skeletal structure
1
a: Renounce Religion, Depart the Abyss, Bend Space


You were on level 3 of the Dungeon.
You worshipped Lugonu.
Lugonu was pleased with you.
You visited 1 branch of the dungeon, and saw 3 of its levels.
You visited the Abyss 1 time.

You collected 104 gold pieces.

Inventory:

Hand Weapons
 a - a +1 hand axe (weapon)
Missiles
 b - 4 boomerangs
Armour
 c - a +0 cloak (worn)
 e - a +0 chain mail (worn)
 h - a +2 hat (worn)
Scrolls
 d - a scroll of amnesia {unknown}
 f - a scroll of enchant weapon {unknown}
 g - a scroll of vulnerability {unknown}
 i - a scroll of enchant armour {unknown}
 j - a scroll of teleportation {unknown}
Potions
 k - a potion of mutation


   Skills:
 + Level 6.7 Fighting
 + Level 1.7 Short Blades
 + Level 1.7 Long Blades
 + Level 4.9 Axes
 + Level 1.7 Maces & Flails
 + Level 1.7 Polearms
 + Level 1.7 Staves
 + Level 1.7 Slings
 + Level 1.7 Bows
 + Level 1.7 Crossbows
 + Level 1.7 Throwing
 + Level 4.9 Armour
 + Level 3.1 Dodging
 + Level 1.7 Stealth
 + Level 1.7 Shields
 + Level 1.7 Unarmed Combat
 + Level 1.7 Spellcasting
 + Level 1.3 Conjurations
 + Level 1.3 Hexes
 + Level 1.3 Summonings
 + Level 1.3 Necromancy
 + Level 1.3 Translocations
 + Level 1.3 Transmutations
 + Level 1.3 Fire Magic
 + Level 1.3 Ice Magic
 + Level 1.3 Air Magic
 + Level 1.3 Earth Magic
 + Level 1.3 Poison Magic
 + Level 5.0 Invocations
 + Level 1.7 Evocations


You had 8 spell levels left.
You didn't know any spells.
Your spell library was empty.

Dungeon Overview and Level Annotations

Branches:
Dungeon (3/15)

Altars:

Shops:
D:2 =


Innate Abilities, Weirdness & Mutations

You have very sharp teeth.
Your uncanny sense of smell can sniff out nearby items.
Your experience applies equally to all skills.
You have large cloven feet.
You have a somewhat thin skeletal structure. (Dex +2, Stealth+)


Message History

Your experience leads to an increase in your attributes!
Increase (S)trength, (I)ntelligence, or (D)exterity?
You feel stronger.
Found a stone staircase leading down.
There is a stone staircase leading down here.
You now have 104 gold pieces (gained 16).
Key pressed, stopping explore.
A kobold comes into view. It is wielding a +0 short sword.
The kobold shouts!
You hit the kobold.
The kobold is moderately wounded.
The kobold barely misses you.
You hit the kobold.
You kill the kobold!
Lugonu accepts your kill.
You see here a +0 short sword.
There is a stone staircase leading up here.
An ogre comes into view. It is wielding a +0 giant club.
An ogre is nearby!
The ogre closely misses you.
You hit the ogre.
The ogre is lightly wounded.
The ogre hits you with a +0 giant club!
You hit the ogre.
The ogre is lightly wounded.
The ogre barely misses you.
You hit the ogre but do no damage.
The ogre is lightly wounded.
The ogre hits you with a +0 giant club!!
* * * LOW HITPOINT WARNING * * *
It was a potion of mutation.
You feel extremely strange.
Your bones become slightly less dense.
Your feet thicken and deform.
You hit the ogre.
The ogre is moderately wounded.
The ogre hits you with a +0 giant club!
* * * LOW HITPOINT WARNING * * *
You hit the ogre. You kick the ogre.
The ogre is moderately wounded.
The ogre hits you with a +0 giant club!!
You die...

#.####
#.........#.##.#
###.#.###.#.##.####
#.#.# #.#.##.....
..# ##.#.#
#.#.#######
#....###....###.#.#
.........#.........
###
#.######...........
#.. ##.....#.##.
#.# #@.###..#. .#
......O.## #... ..
........# ... ..
.###..### #. .# #.#
#. #


You could see an ogre.

Vanquished Creatures
  2 orc priests (D:3)
  An orc wizard (D:3)
  4 gnolls
  An adder (D:3)
  A dart slug (D:2)
  6 orcs (D:3)
  4 bats
  3 endoplasms
  9 giant cockroaches
  9 goblins
  5 hobgoblins
  7 jackals
  10 kobolds
  5 quokkas
  5 ball pythons
  3 frilled lizards
  4 rats
79 creatures vanquished.

Vanquished Creatures (others)
  A plant (D:1)
1 creature vanquished.

Grand Total: 80 creatures vanquished

Notes
Turn   | Place    | Note
-------+----------+-------------------------------------------
     0 | Abyss:1  | Gargoyl the Gnoll Abyssal Knight began the quest for the
                  | Orb.
     0 | Abyss:1  | Reached XP level 1. HP: 23/23 MP: 3/3
    17 | Abyss:1  | Noticed a water elemental
    17 | Abyss:1  | Noticed a water elemental
    20 | Abyss:1  | Found a radiant altar of Vehumet.
    26 | Abyss:1  | Found a sacrificial altar of Ru.
    35 | D:1      | Escaped the Abyss
   336 | D:1      | Reached XP level 2. HP: 29/29 MP: 5/5
   412 | D:1      | Reached * piety under Lugonu
   656 | D:1      | Reached XP level 3. HP: 29/35 MP: 6/6
  1222 | D:1      | Reached skill level 1 in Short Blades
  1222 | D:1      | Reached skill level 1 in Long Blades
  1222 | D:1      | Reached skill level 1 in Maces & Flails
  1222 | D:1      | Reached skill level 1 in Polearms
  1222 | D:1      | Reached skill level 1 in Staves
  1222 | D:1      | Reached skill level 1 in Slings
  1222 | D:1      | Reached skill level 1 in Bows
  1222 | D:1      | Reached skill level 1 in Crossbows
  1222 | D:1      | Reached skill level 1 in Throwing
  1222 | D:1      | Reached skill level 1 in Stealth
  1222 | D:1      | Reached skill level 1 in Shields
  1222 | D:1      | Reached skill level 1 in Unarmed Combat
  1222 | D:1      | Reached skill level 1 in Spellcasting
  1222 | D:1      | Reached skill level 1 in Evocations
  1273 | D:2      | Reached XP level 4. HP: 41/41 MP: 7/7
  1643 | D:2      | Reached skill level 1 in Conjurations
  1643 | D:2      | Reached skill level 1 in Hexes
  1643 | D:2      | Reached skill level 1 in Summonings
  1643 | D:2      | Reached skill level 1 in Necromancy
  1643 | D:2      | Reached skill level 1 in Translocations
  1643 | D:2      | Reached skill level 1 in Transmutations
  1643 | D:2      | Reached skill level 1 in Fire Magic
  1643 | D:2      | Reached skill level 1 in Ice Magic
  1643 | D:2      | Reached skill level 1 in Air Magic
  1643 | D:2      | Reached skill level 1 in Earth Magic
  1643 | D:2      | Reached skill level 1 in Poison Magic
  1738 | D:2      | Found a faded altar of an unknown god.
  1956 | D:2      | Found Biphibb's Jewellery Boutique.
  2471 | D:3      | Reached XP level 5. HP: 34/47 MP: 8/8
  2500 | D:3      | Reached ** piety under Lugonu
  2965 | D:3      | Reached skill level 5 in Invocations
  3120 | D:3      | Reached XP level 6. HP: 53/53 MP: 9/9
  3268 | D:3      | Gained mutation: You have a somewhat thin skeletal
                  | structure. (Dex +2, Stealth+) [potion of mutation]
  3268 | D:3      | Gained mutation: You have large cloven feet. [potion of
                  | mutation]
  3270 | D:3      | Demolished by an ogre

Illustrated notes

Levels and vault maps discovered:
D:1:      grunt_arrival_crossed_arrows, layout_basic, serial_forest,
          infiniplex_forest_lined_room_, infiniplex_forest_straight_4,
          infiniplex_forest_clump_curved, infiniplex_forest_clump_cross,
          interstate_on_off
D:2:      layout_loops_corners, shapermc_ecumenical_altar_mp_highgroup,
          serial_shops, nicolae_shop_behind_doors, minmay_close_crescents
D:3:      minmay_roachtagon, layout_loops_ring, nemelex_dance_club_becter

Skill      XL: |  1  2  3  4  5 |
---------------+----------------+-----
Short Blades   | 1 |  1.7
Long Blades    | 1 |  1.7
Maces & Flails | 1 |  1.7
Polearms       | 1 |  1.7
Staves         | 1 |  1.7
Slings         | 1 |  1.7
Bows           | 1 |  1.7
Crossbows      | 1 |  1.7
Throwing       | 1 |  1.7
Stealth        | 1 |  1.7
Shields        | 1 |  1.7
Unarmed Combat | 1 |  1.7
Spellcasting   | 1 |  1.7
Evocations     | 1 |  1.7
Conjurations   | 1 |  1.3
Hexes          | 1 |  1.3
Summonings     | 1 |  1.3
Necromancy     | 1 |  1.3
Translocations | 1 |  1.3
Transmutations | 1 |  1.3
Fire Magic     | 1 |  1.3
Ice Magic      | 1 |  1.3
Air Magic      | 1 |  1.3
Earth Magic    | 1 |  1.3
Poison Magic   | 1 |  1.3
Dodging        | 3 |  3.1
Invocations    | 5 |  5.0
Fighting       | |  6.7
Axes           | |  4.9
Armour         | |  4.9

Action                   |  1- 3 |  4- 6 || total
-------------------------+-------+-------++-------
Melee: Hand axe          |    95 |   153 ||   248
       Bite              |     6 |    12 ||    18
       Kick              |       |     1 ||     1
Invok: Depart the Abyss  |     1 |       ||     1
  Use: Scroll            |       |     1 ||     1
       Potion            |       |     3 ||     3
Armor: Leather armour    |     2 |       ||     2
       Ring mail         |    38 |       ||    38
       Chain mail        |    24 |   136 ||   160
Dodge: Dodged            |    66 |    55 ||   121

Table legend: (Time is in decaauts)
 A = Elapsed time spent in this place.
 B = Non-inter-level travel time spent in this place.
 C = Inter-level travel time spent in this place.
 D = Time resting spent in this place.
 E = Time spent auto-exploring this place.
 F = Levels seen in this place.
 G = Mean time per level.
                   A        B        C        D        E       F      G
               +--------+--------+--------+--------+--------+-----+--------+
         Total |   3288 |   3196 |     92 |    241 |   2251 |   4 |  822.0 |
       Dungeon |   3253 |   3161 |     92 |    241 |   2234 |   3 | 1084.3 |
         Abyss |     35 |     35 |      0 |      0 |     17 |   1 |   35.0 |
               +--------+--------+--------+--------+--------+-----+--------+

Top non-repeatable levels by time:
     D:1: 1237 daAuts
     D:2: 1116 daAuts
     D:3: 899 daAuts
 Abyss:1: 35 daAuts
